 Dungeon Crawl Stone Soup version 0.23.2 (webtiles) character file.

Game seed: 16566031990709622338

4129 Menchi the Cleaver (level 10, -14/88 HPs)
             Began as a Ghoul Fighter on Apr 4, 2019.
             Was an Initiate of Nemelex Xobeh.
             Demolished by a two-headed ogre
             ... wielding a +0 giant club
              (18 damage)
             ... on level 8 of the Dungeon.
             The game lasted 00:19:34 (5484 turns).

Menchi the Cleaver (Ghoul Fighter)                  Turns: 5484, Time: 00:19:37

Health: -14/88     AC: 15    Str: 22    XL:     10   Next: 27%
Magic:  9/9        EV:  9    Int:  5    God:    Nemelex Xobeh [......]
Gold:   342        SH:  0    Dex:  8    Spells: 9/9 levels left

rFire    + . .     SeeInvis .   w - +1 hand axe (chop)
rCold    + . .     Gourm    .   (no shield)
rNeg     + + +     Faith    .   b - +0 scale mail
rPois    ∞         Spirit   .   k - +1 helmet
rElec    .         Reflect  .   (no cloak)
rCorr    .         Harm     .   n - +0 pair of gloves
MR       .....                  h - +2 pair of boots
Stlth    ..........             (no amulet)
HPRegen  0.00/turn              g - ring of protection from fire
MPRegen  0.11/turn              (no ring)

@: marked, flying, rotting
A: rotting body, claws 1, carnivore, cold resistance 1, negative energy
resistance 3, inhibited regeneration, torment resistance, unbreathing
a: Draw Escape, Draw Destruction, Draw Summoning, Renounce Religion


You were on level 8 of the Dungeon.
You worshipped Nemelex Xobeh.
Nemelex Xobeh was noncommittal.
You were not hungry.

You visited 2 branches of the dungeon, and saw 9 of its levels.

You collected 342 gold pieces.

Inventory:

Hand Weapons
 a - a +0 war axe
 c - a +4 halberd
 w - a +1 hand axe of chopping (weapon)
Armour
 b - a +0 scale mail (worn)
 h - a +2 pair of boots (worn)
 k - a +1 helmet (worn)
 n - a +0 pair of gloves (worn)
Jewellery
 g - a ring of protection from fire (left hand)
Wands
 s - a wand of clouds (5)
 u - a wand of flame (23)
Scrolls
 d - a scroll of amnesia
 e - 9 scrolls of identify
 i - 3 scrolls of teleportation
 j - 4 scrolls of magic mapping
 l - a scroll of brand weapon {unknown}
 o - a scroll of blinking {unknown}
 p - 2 scrolls of fog {unknown}
 q - a scroll of enchant weapon {unknown}
Potions
 m - a potion of resistance
 x - a potion of haste {unknown}
Comestibles
 f - 5 rations


   Skills:
 * Level 8.2 Fighting
 * Level 9.4(9.6) Axes
 - Level 2.0(6.3) Polearms
 * Level 7.5 Armour
   Level 2.6 Shields


You had 9 spell levels left.
You didn't know any spells.
Your spell library was empty.

Dungeon Overview and Level Annotations

Branches:
Dungeon (8/15)             Temple (1/1) D:7
   Lair: D:8-11

Altars:
Ashenzari
Dithmenos
Elyvilon
Gozag
Makhleb
Nemelex Xobeh
Ru
Sif Muna
Trog
Wu Jian
Yredelemnul
Zin
The Shining One

Shops:
D:6 (


Innate Abilities, Weirdness & Mutations

Your body is rotting away.
You thrive on raw meat.
You are immune to poison.
You have sharp fingernails.
You are carnivorous and can eat meat at any time.
Your flesh is cold resistant. (rC+)
You are immune to negative energy. (rN+++)
You do not regenerate when monsters are visible.
You are immune to unholy pain and torment.
You can survive without breathing.


Message History

You hit the centaur. The centaur barely misses you.
The two-headed ogre barely misses you. x2
You barely miss the two-headed ogre.
The two-headed ogre is severely wounded.
You hit the centaur. The centaur barely misses you.
The two-headed ogre hits you with a +0 giant club!
The two-headed ogre hits you with a +0 giant club!!
* * * LOW HITPOINT WARNING * * *
The centaur hits you but does no damage.
It was a potion of flight.
You feel very buoyant.
You fly up into the air.
The centaur barely misses you.
It was a potion of berserk rage.
You cannot raise a blood rage in your lifeless body.
The centaur hits you but does no damage.
The two-headed ogre hits you with a +0 giant club!
* * * LOW HITPOINT WARNING * * *
The two-headed ogre hits you with a +0 giant club!!
You die...
Your body disappears without a glow.

####################
...................#
...................#
.........#.........#
........###........#
....##..###..##...(#
....###..#..###c@..#
.....##.....##WO####
.............{5o.o.....
...##........o##..@....
..####..._...## #...>..
...##.........# ......
............... ......
.....##.....##. .....
....###..#..# .....


You could see a two-headed ogre, a hungry ghost, an orc warrior, a centaur, a
quasit and an orc.

Vanquished Creatures
  Harold (D:8)
  Grinder (D:4)
  Sigmund (D:6)
  Eustachio (D:6)
  3 sky beasts
  2 ice beasts
  A black bear (D:6)
  A phantom (D:4)
  A necrophage (D:6)
  5 ogres
  A centaur (D:7)
  Blork the orc (D:4)
  A big kobold (D:7)
  2 bullfrogs (D:6)
  3 scorpions
  3 wights (D:7)
  3 howler monkeys
  A crimson imp (D:6)
  A centaur zombie (D:5)
  A bullfrog zombie (D:8)
  A jelly (D:5)
  6 orc priests
  2 hounds
  A bullfrog skeleton (D:7)
  8 orc wizards
  2 centaur skeletons
  An iguana (D:6)
  4 worker ants
  4 gnolls
  12 adders
  An adder zombie (D:6)
  A worm (D:4)
  An adder skeleton (D:5)
  A dart slug (D:1)
  2 leopard geckos
  34 orcs
  2 ball pythons (D:2)
  5 giant cockroaches
  2 goblins
  6 hobgoblins
  8 jackals
  12 kobolds
  2 quokkas (D:2)
  4 bats
  5 frilled lizards
  A jackal zombie (D:6)
  A leopard gecko zombie (D:7)
  A quokka skeleton (D:4)
  3 rats (D:1)
167 creatures vanquished.

Notes
Turn   | Place    | Note
-------+----------+-------------------------------------------
     0 | D:1      | Menchi the Ghoul Fighter began the quest for the Orb.
     0 | D:1      | Reached XP level 1. HP: 19/19 MP: 0/0
   239 | D:1      | Reached XP level 2. HP: 25/26 MP: 1/1
   407 | D:1      | Reached skill level 2 in Axes
   504 | D:1      | Reached XP level 3. HP: 23/33 MP: 2/2
   938 | D:2      | Reached XP level 4. HP: 31/40 MP: 3/3
  1203 | D:2      | Reached skill level 3 in Axes
  1298 | D:2      | Reached XP level 5. HP: 44/46 MP: 4/4
  2296 | D:4      | Reached XP level 6. HP: 43/53 MP: 5/5
  2335 | D:4      | Noticed a phantom
  2376 | D:4      | Killed a phantom
  2376 | D:4      | Reached skill level 4 in Axes
  2639 | D:4      | Noticed Grinder
  2643 | D:4      | Noticed Blork the orc
  2654 | D:4      | Killed Blork the orc
  2654 | D:4      | Reached XP level 7. HP: 45/59 MP: 6/6
  2658 | D:4      | Killed Grinder
  2658 | D:4      | Reached skill level 5 in Fighting
  2658 | D:4      | Reached skill level 5 in Axes
  3029 | D:5      | Entered Level 5 of the Dungeon
  3080 | D:5      | Got a colourful robe
  3091 | D:5      | Identified the +0 robe "Kumoa" {Regen+ rCorr Int+2 Dex-5}
                  | (You found it on level 5 of the Dungeon)
  3201 | D:5      | Reached skill level 6 in Axes
  3201 | D:5      | Reached skill level 5 in Armour
  3201 | D:5      | Reached XP level 8. HP: 61/68 MP: 7/7
  3808 | D:6      | Reached skill level 7 in Axes
  3877 | D:6      | Found a burning altar of Makhleb.
  3898 | D:6      | Noticed Sigmund
  3911 | D:6      | Killed Sigmund
  3911 | D:6      | Reached XP level 9. HP: 68/75 MP: 8/8
  3970 | D:6      | Reached skill level 8 in Axes
  4139 | D:6      | Found Dide's Antique Weapon Emporium.
  4198 | D:6      | Found a shattered altar of Ashenzari.
  4301 | D:6      | Noticed Eustachio
  4309 | D:6      | Killed Eustachio
  4525 | D:7      | Found a glowing golden altar of the Shining One.
  4615 | D:7      | Reached skill level 9 in Axes
  4732 | D:7      | Reached skill level 1 in Polearms
  5056 | D:7      | Reached XP level 10. HP: 74/86 MP: 9/9
  5081 | D:7      | Found a staircase to the Ecumenical Temple.
  5093 | Temple   | Entered the Ecumenical Temple
  5107 | Temple   | Became a worshipper of Nemelex Xobeh the Trickster
  5274 | D:7      | Received a gift from Nemelex Xobeh
  5430 | D:8      | Found a shadowy altar of Dithmenos.
  5452 | D:8      | Noticed Harold
  5466 | D:8      | Noticed a two-headed ogre
  5471 | D:8      | Killed Harold
  5484 | D:8      | HP: 4/88 [two-headed ogre/+0 giant club (7)]
  5484 | D:8      | Demolished by a two-headed ogre

Skill      XL: |  1  2  3  4  5  6  7  8  9 10 |
---------------+-------------------------------+-----
Armour         | 3 4 5 6 7 |  7.5
Axes           | 2 3 4 6 7 9 |  9.4
Fighting       | 4 5 6 7 8 |  8.2
Polearms       | 2 |  2.0
Shields        | |  2.6

Action                   |  1- 3 |  4- 6 |  7- 9 | 10-12 || total
-------------------------+-------+-------+-------+-------++-------
Melee: War axe           |   110 |   192 |   305 |       ||   607
       Halberd           |       |       |   132 |    26 ||   158
       Hand axe          |       |       |       |     6 ||     6
 Abil: Draw Destruction  |       |       |       |     2 ||     2
       Draw Summoning    |       |       |       |     1 ||     1
  Use: Scroll            |     1 |     7 |     2 |       ||    10
       Potion            |       |     1 |     6 |     2 ||     9
  Eat: Chunk             |    14 |    23 |    50 |     6 ||    93
Armor: Scale mail        |    83 |   135 |   275 |    37 ||   530
       Skin              |       |       |     1 |       ||     1
Dodge: Dodged            |    79 |   118 |   193 |    42 ||   432
